 Dungeon Crawl Stone Soup version 0.24-a0-497-g5a03d68f59 (webtiles) character file.

Game seed: 13131414996303736172

116 KristoblXynda the Slasher (level 4, -1/38 HPs)
             Began as a Draconian Fighter on July 13, 2019.
             Killed by nerve-wracking pain
             ... invoked by an orc priest
              (9 damage)
             ... on level 3 of the Dungeon.
             The game lasted 00:02:50 (2323 turns).

KristoblXynda the Slasher (Draconian Fighter)       Turns: 2323, Time: 00:02:51

Health: -1/38      AC:  5    Str: 18    XL:     4   Next: 69%
Magic:  4/4        EV: 10    Int: 10    God:
Gold:   154        SH:  9    Dex: 10    Spells: 3/3 levels left

rFire    . . .     SeeInvis .   a - +0 long sword
rCold    . . .     Gourm    .   b - +0 shield
rNeg     . . .     Faith    .   (armour unavailable)
rPois    .         Spirit   .   (helmet restricted)
rElec    .         Reflect  .   (no cloak)
rCorr    +         Harm     .   (no gloves)
MR       .....                  (no boots)
Stlth    +.........             (no amulet)
HPRegen  0.12/turn              j - ring of resist corrosion
MPRegen  0.09/turn              (no ring)

@: no status effects
A: unfitting armour, cold-blooded, AC +5
a: no special abilities


You were on level 3 of the Dungeon.
You were not hungry.

You visited 1 branch of the dungeon, and saw 3 of its levels.

You collected 154 gold pieces.

Inventory:

Hand Weapons
 a - a +0 long sword (weapon)
Armour
 b - a +0 shield (worn)
Jewellery
 j - a ring of resist corrosion (left hand)
Scrolls
 e - a scroll of enchant armour {unknown}
 f - a scroll of fear {unknown}
 g - a scroll of remove curse {unknown}
 l - a scroll of identify {unknown}
 m - a scroll of random uselessness {unknown}
 n - a scroll of enchant weapon {unknown}
Potions
 c - 2 potions of might
 h - a potion of curing
 i - a potion of brilliance {unknown}
Comestibles
 d - 2 rations
 k - a chunk of flesh


   Skills:
 - Level 3.2 Fighting
 * Level 3.8 Long Blades
 + Level 3.3 Dodging
 + Level 3.7 Shields


You had 3 spell levels left.
You didn't know any spells.
Your spell library was empty.

Dungeon Overview and Level Annotations

Branches:
Dungeon (3/15)

Altars:
Cheibriados


Innate Abilities, Weirdness & Mutations

Your plain brown scales are hard. (AC +5)
You cannot fit into any form of body armour.
You are cold-blooded and may be slowed by cold attacks.


Message History

The giant cockroach waves its antennae.
You block the giant cockroach's attack.
You hit the giant cockroach.
The giant cockroach is almost dead.
The giant cockroach bites you. You block the giant cockroach's attack.
You barely miss the giant cockroach.
The giant cockroach is almost dead.
You block the giant cockroach's attack.
You hit the giant cockroach.
You kill the giant cockroach!
You slash the orc priest!
The orc priest is severely wounded.
The orc priest invokes the aid of Beogh against you.
Beogh smites you!
* * * LOW HITPOINT WARNING * * *
You closely miss the orc.
You tail-slap the orc, but do no damage.
The orc priest mumbles some strange prayers to Beogh against you.
Pain shoots through your body!
You die...

........###.#..#### ###
#....##..##.#<..# #
#....###.##.#.÷.#### # #
#..................# .### #
#.........#.##.....# ...os
#
#...#....).......#.##......
#...#..<.....#.#.#r..o.ro..
# #...#....#.#.#o#.......
#...#......#@#.#.......
#...#.......o†o#.......
............#.#$#....#..
.##.####..#..#.....#### #
#. ......#####.# #.## .# #.
. # #


You could see an orc priest and an orc.

Vanquished Creatures
  3 adders
  3 worms (D:2)
  3 dart slugs (D:1)
  A leopard gecko (D:3)
  2 orcs (D:3)
  6 giant cockroaches
  11 goblins
  13 hobgoblins
  9 kobolds
  2 quokkas (D:2)
  3 ball pythons
  4 bats
  5 frilled lizards
  2 rats
67 creatures vanquished.

Notes
Turn   | Place    | Note
-------+----------+-------------------------------------------
     0 | D:1      | KristoblXynda the Draconian Fighter began the quest for the
                  | Orb.
     0 | D:1      | Reached XP level 1. HP: 19/19 MP: 1/1
   110 | D:1      | Reached XP level 2. HP: 24/26 MP: 2/2
   379 | D:1      | Reached XP level 3. HP: 25/31 MP: 3/3
  1257 | D:2      | Reached XP level 4. HP: 38/38 MP: 4/4
  1954 | D:2      | Found a snail-covered altar of Cheibriados.
  2225 | D:3      | Found a faded altar of an unknown god.
  2323 | D:3      | Killed from afar by an orc priest

Levels and vault maps discovered:
D:1:      dpeg_arrival_chambers_temple_mockup, layout_basic
D:2:      layout_loops_cross, lemuel_coloured_pillars_altar
D:3:      minmay_spotlight, layout_basic, chequers_ecumenical_altar_grove,
          minivault_27

Skill      XL: |  1  2  3 |
---------------+----------+-----
Dodging        | 3 |  3.3
Long Blades    | 3 |  3.8
Fighting       | |  3.2
Shields        | |  3.7

Action                   |  1- 3 |  4- 6 || total
-------------------------+-------+-------++-------
Melee: Long sword        |   123 |   103 ||   226
       Tailslap          |    13 |    14 ||    27
  Use: Potion            |       |     1 ||     1
  Eat: Chunk             |     1 |     4 ||     5
Armor: Skin              |    28 |    25 ||    53
Dodge: Dodged            |    43 |    37 ||    80
Block: Shield            |    50 |    53 ||   103
       Rpst.: Long sword |    13 |     7 ||    20

Table legend:
 A = Non-vault XP
 B = Vault XP
 C = Vault XP percentage of total XP
 D = Non-vault monster count
 E = Vault monster count
 F = Vault count percentage of total count
                 A         B        C        D         E       F
            +---------+---------+-------+---------+---------+-------
      Total |     166 |       0 |   0.0 |      67 |       0 |   0.0
            +---------+---------+-------+---------+---------+-------
        D:1 |      46 |       0 |   0.0 |      24 |       0 |   0.0
        D:2 |      86 |       0 |   0.0 |      32 |       0 |   0.0
        D:3 |      34 |       0 |   0.0 |      11 |       0 |   0.0
            +---------+---------+-------+---------+---------+-------
